 Dungeon Crawl Stone Soup version 0.30-a0-718-geaa24f58ff (webtiles) character file.

Game seed: 13867846528642537935

4566 Laraso the Thaumaturge (level 10, -16/100 HPs)
             Began as a Djinni Conjurer on Jan 25, 2023.
             Was a Believer of Makhleb.
             Demolished by a vault guard
             ... wielding a +0 broad axe
              (20 damage)
             ... in a bailey on Jan 26, 2023.
             The game lasted 00:12:11 (4985 turns).

Laraso the Thaumaturge (Djinni Conjurer)            Turns: 4985, Time: 00:12:12

Health: -16/100    AC:  2    Str:  6    XL:     10   Next: 67%
Gold:   332        EV: 18    Int: 24    God:    Makhleb [**....] SH:  0 Dex: 12

rFire   + + .      SeeInvis .    a - +2 scimitar (protect)
rCold   x . .      Faith    .    (no shield)
rNeg    . . .      Spirit   .    e - +0 robe
rPois   ∞          Reflect  .    (no helmet)
rElec   .          Harm     .    (no cloak)
rCorr   .          Rampage  .    (no gloves)
Will    +....                    (boots unavailable) Stlth
                                 j - amulet of regeneration
HPRegen 1.16/turn                c - +5 ring of evasion
MPRegen 0.00/turn                (no ring)

@: berserking, flying, very quick
A: sickness immunity, fire resistance 2, cold vulnerability 1, float, innate
caster, HP casting, extra vitality 1
a: Renounce Religion, Minor Destruction


You were in a bailey.
You worshipped Makhleb.
Makhleb was pleased with you.
You visited 1 branch of the dungeon, and saw 7 of its levels.
You also visited: Ossuary and Bailey.

You collected 332 gold pieces.

Inventory:

Hand Weapons
 a - a +2 scimitar of protection (weapon)
 b - a +4 morningstar
 q - a +1 trident
Missiles
 u - a throwing net
Armour
 e - a +0 robe (worn)
Jewellery
 c - a +5 ring of evasion (left hand)
 j - an amulet of regeneration (around neck)
Wands
 o - a wand of digging (5)
Scrolls
 h - 3 scrolls of fog
 l - 4 scrolls of teleportation
 p - a scroll of enchant weapon
 t - a scroll of vulnerability
 v - a scroll of identify
Potions
 f - 4 potions of might
 g - 2 potions of brilliance
 i - 2 potions of attraction
 k - 5 potions of curing
 m - a potion of lignification
 n - a potion of mutation
 s - a potion of ambrosia


   Skills:
 - Level 3.0 Fighting
 - Level 1.0 Armour
 - Level 4.0 Dodging
 - Level 1.5 Stealth
 - Level 10.0 Spellcasting
 * Level 7.3 Invocations


You had 6 spell levels left.
You knew the following spells:

 Your Spells              Type           Power      Damage    Failure   Level
a - Magic Dart            Conj           100%       1d8       1%          1
b - Searing Ray           Conj           100%       2d8       1%          2
c - Dazzling Flash        Conj/Hex       100%       N/A       1%          3
d - Fulminant Prism       Conj/Hex       28%        3d14      1%          4
e - Iskenderun's Mystic   Conj/Tloc      56%        2d12      1%          4
f - Slow                  Hex            100%       N/A       1%          1
g - Passwall              Tmut/Erth      46%        N/A       1%          2
h - Inner Flame           Hex/Fire       56%        N/A       1%          3
i - Vhi's Electric Charg  Tloc/Air       100%       N/A       1%          3
Your spell library was empty.

Dungeon Overview and Level Annotations

Branches:
Dungeon (7/15)             Temple (0/1) D:5         Ossuary (visited)
 Bailey (1/1)

Altars:
Fedhas
Makhleb

Annotations:
D:6 Lemondrips's ghost, novice DsHs


Innate Abilities, Weirdness & Mutations

You are immune to sickness and miasma.
You are immune to poison.
Your flesh is very heat resistant. (rF++)
You are vulnerable to cold. (rC-)
You float through the air rather than walking.
You learn spells naturally, not from books.
Your magical power is your life essence.
You have superior vitality. (+4 MHP)


Message History

Your fulminant prism explodes!
The blast of energy engulfs the vault guard!!
The vault guard is severely wounded.
Casting: Fulminant Prism (dangerous; 1% risk of failure)
Confirm with . or Enter, or press ? or * to list all spells.
Aiming: Fulminant Prism (dangerous; 1% risk of failure)
Press: ? - help, Dir - move target, f - vault guard
Aim: a vault guard, wielding a +0 broad axe and wearing a +0 plate armour (severely wounded)
Okay, then.
Casting: Fulminant Prism (dangerous; 1% risk of failure)
Confirm with . or Enter, or press ? or * to list all spells.
Aiming: Searing Ray (safe; 1% risk of failure)
Press: ? - help, Shift-Dir - straight line, f - vault guard
Aim: a vault guard, wielding a +0 broad axe and wearing a +0 plate armour (severely wounded, 83% to hit)
The searing ray hits the vault guard!
The vault guard is almost dead. (Press . to maintain the ray.)
The searing ray hits the vault guard.
The vault guard is almost dead.
The vault guard hits you with a +0 broad axe!!
The searing ray hits the vault guard but does no damage.
The vault guard is almost dead.
The vault guard hits you with a +0 broad axe!!
* * * LOW HITPOINT WARNING * * *
Unknown command.
Okay, then.
You feel much better.
The vault guard hits you with a +0 broad axe!!
* * * LOW HITPOINT WARNING * * *
Casting: Searing Ray (safe; 1% risk of failure)
Confirm with . or Enter, or press ? or * to list all spells.
You don't have enough health to cast this spell.
Casting: Searing Ray (safe; 1% risk of failure)
Confirm with . or Enter, or press ? or * to list all spells.
Okay, then.
Okay, then.
A red film seems to cover your vision as you go berserk!
You feel yourself moving faster!
You feel mighty!
The vault guard hits you with a +0 broad axe!!
You die...

#..∩..'~~~##....#######
#..)..######..###≈≈≈≈≈###
#.)∩.)'....#'##≈≈~~~~~≈≈#
##...##....†.#≈~~~~~~~~~≈
#####.......##≈~~~~~~~~~
#...#######≈~.~..~..~
#..##..#≈≈≈~~~......#
#.).#..#.........~..#
#...#..'@p~~~~..~~..+
##.....#~~≈≈≈≈~~~...#
##....#≈≈####≈≈~~~.#
######### ##≈~..~ #≈.~~
≈.~~ .~# ##


You could see a vault guard.

Vanquished Creatures
  A vault guard (Bailey)
  Prince Ribbit (Bailey)
  Sigmund (D:5)
  2 wraiths (Ossuary)
  7 humans (Bailey)
  An orc warrior (D:7)
  A sky beast (D:7)
  A black bear (D:6)
  3 ogres
  A kobold brigand (D:6)
  2 phantoms (D:6)
  8 bullfrogs
  2 necrophages
  A gnoll sergeant (D:7)
  3 scorpions
  3 wights (Ossuary)
  3 hounds (D:5)
  A jelly (D:6)
  5 iguanas
  Jessica (D:2)
  Natasha (thrice) (D:3)
  An orc wizard (D:7)
  4 gnolls
  7 adders
  2 shadow imps (D:6)
  2 ufetubi (D:6)
  An adder zombie (Ossuary)
  2 worms
  A dart slug (D:1)
  9 orcs
  3 bat zombies (D:5)
  5 endoplasms
  3 giant cockroaches
  6 goblins
  9 hobgoblins
  6 jackals
  4 kobolds
  2 quokkas
  4 ball pythons
  A ball python skeleton (Ossuary)
  2 bats
  3 frilled lizards
  2 hobgoblin skeletons (Ossuary)
  A hobgoblin zombie (Ossuary)
  A kobold zombie (Ossuary)
  2 orc skeletons (Ossuary)
  An orc zombie (Ossuary)
  4 rats
  A rat zombie (D:5)
140 creatures vanquished.

Vanquished Creatures (others)
  18 fulminant prisms
18 creatures vanquished.

Grand Total: 158 creatures vanquished

Notes
Turn   | Place    | Note
-------+----------+-------------------------------------------
     0 | D:1      | Laraso the Djinni Conjurer began the quest for the Orb.
     0 | D:1      | Laraso set off with the following spells memorised: Magic
                  | Dart, Searing Ray, Dazzling Flash, Fulminant Prism,
                  | Iskenderun's Mystic Blast.
     0 | D:1      | Reached XP level 1. HP: 15/15 MP: 0/0
   168 | D:1      | Reached XP level 2. HP: 19/21 MP: 0/0
   385 | D:1      | Found a faded altar of an unknown god.
   735 | D:2      | Reached skill level 4 in Spellcasting
   735 | D:2      | Reached XP level 3. HP: 23/25 MP: 0/0
   735 | D:2      | Learned a level 1 spell: Slow
   872 | D:2      | Reached XP level 4. HP: 31/31 MP: 0/0
   882 | D:2      | Identified the +1 ring mail of the Blessed Realm {-Cast
                  | Rampage rCorr}
  1208 | D:2      | Noticed Jessica
  1212 | D:2      | Killed Jessica
  1471 | D:3      | Noticed Natasha
  1474 | D:3      | Killed Natasha
  1475 | D:3      | Reached XP level 5. HP: 35/35 MP: 0/0
  1475 | D:3      | Learned a level 2 spell: Passwall
  1504 | D:3      | Noticed Natasha
  1513 | D:3      | Killed Natasha
  1514 | D:3      | Reached skill level 5 in Spellcasting
  1599 | D:3      | Found a burning altar of Makhleb.
  1600 | D:3      | Found a blossoming altar of Fedhas.
  1647 | D:3      | Noticed Natasha
  1652 | D:3      | Killed Natasha
  1675 | D:3      | Became a worshipper of Makhleb the Destroyer
  1757 | D:3      | You are sucked into a shaft and drop 2 floors!
  1757 | D:5      | Entered Level 5 of the Dungeon
  1808 | D:5      | Reached XP level 6. HP: 40/40 MP: 0/0
  1829 | D:5      | Noticed Sigmund
  1836 | D:5      | Killed Sigmund
  1837 | D:5      | Reached skill level 6 in Spellcasting
  1837 | D:5      | Reached XP level 7. HP: 40/45 MP: 0/0
  1837 | D:5      | Learned a level 3 spell: Inner Flame
  2335 | D:4      | Reached skill level 7 in Spellcasting
  2473 | D:5      | Found a staircase to the Ecumenical Temple.
  2652 | D:5      | Reached XP level 8. HP: 49/50 MP: 0/0
  2834 | D:5      | Reached skill level 1 in Fighting
  2834 | D:5      | Reached skill level 1 in Armour
  3309 | D:6      | Found a sand-covered staircase.
  3313 | Ossuary  | Entered an ossuary
  3353 | Ossuary  | Reached * piety under Makhleb
  3429 | Ossuary  | Noticed a wraith
  3429 | Ossuary  | Noticed a flying skull
  3442 | Ossuary  | Noticed a flying skull
  3491 | Ossuary  | Noticed a flying skull
  3573 | Ossuary  | Noticed a wraith
  3584 | Ossuary  | Killed a wraith
  3623 | Ossuary  | Noticed a wraith
  3634 | Ossuary  | Killed a wraith
  3722 | D:6      | Reached XP level 9. HP: 60/60 MP: 0/0
  3722 | D:6      | Learned a level 3 spell: Vhi's Electric Charge
  3734 | D:6      | Reached skill level 8 in Spellcasting
  3866 | D:6      | Found a runed translucent door.
  3868 | D:6      | Noticed Lemondrips's ghost (novice DsHs)
  4547 | D:6      | Reached skill level 9 in Spellcasting
  4570 | D:7      | Reached ** piety under Makhleb
  4764 | D:7      | Found a flagged portal.
  4777 | Bailey   | Entered a bailey
  4819 | Bailey   | Reached skill level 10 in Spellcasting
  4819 | Bailey   | Reached skill level 1 in Invocations
  4819 | Bailey   | Reached XP level 10. HP: 23/67 MP: 0/0
  4909 | Bailey   | Reached skill level 5 in Invocations
  4947 | Bailey   | Noticed a vault guard
  4963 | Bailey   | Killed a vault guard
  4965 | Bailey   | Noticed Prince Ribbit
  4971 | Bailey   | Noticed a vault guard
  4975 | Bailey   | Killed Prince Ribbit
  4983 | Bailey   | HP: 1/67 [vault guard/+0 broad axe (29)]
  4985 | Bailey   | Demolished by a vault guard

Illustrated notes

Levels and vault maps discovered:
D:1:      tarquinn_simple_flora_water_f, layout_loops_ring,
          hellmonk_ecumenical_altar_leap_of_faith
D:2:      layout_basic, nicolae_half_adder, uniq_jessica
D:3:      layout_basic, mainiacjoe_overflow_divided_tiny,
          evilmike_ruin_ashenzari, uniq_natasha, uniq_robin
D:4:      layout_loops_cross
D:5:      layout_loops_cross, lemuel_zombie_altar_kikubaaqudgha,
          minmay_temple_entry_grid, uniq_sigmund
D:6:      layout_basic, ebering_ghost_reflecting_pool, enter_ossuary_5
D:7:      layout_layer_cave, enter_bailey_2
Bailey:   bailey_axe_froggy_fort_hellmonk, bailey

Skill      XL: |  1  2  3  4  5  6  7  8  9 10 |
---------------+-------------------------------+-----
Spellcasting   | 4 5 6 7 10 | 10.0
Dodging        | 3 4 |  4.0
Fighting       | 3 |  3.0
Armour         | 1 |  1.0
Invocations    | 1 7 |  7.3
Stealth        | |  1.5

Action                     |  1- 3 |  4- 6 |  7- 9 | 10-12 || total
---------------------------+-------+-------+-------+-------++-------
  Melee: Falchion          |       |    22 |       |       ||    22
         Trident           |       |       |     9 |       ||     9
         Scimitar          |       |       |    25 |     3 ||    28
   Cast: Magic Dart        |    48 |    27 |    85 |     2 ||   162
         Searing Ray       |       |     8 |    63 |     7 ||    78
         Iskenderun's Myst |       |       |    12 |     3 ||    15
         Slow              |       |       |     4 |     3 ||     7
         Fulminant Prism   |       |       |     6 |    12 ||    18
 Invoke: Minor Destruction |       |       |       |     2 ||     2
    Use: Scroll            |       |     8 |    13 |       ||    21
         Potion            |       |       |       |     2 ||     2
   Stab: Sleeping          |       |     1 |       |       ||     1
 Armour: Robe              |     1 |     2 |    17 |       ||    20
  Dodge: Dodged            |       |    25 |   110 |    10 ||   145

Table legend: (Time is in decaauts)
 A = Elapsed time spent in this place.
 B = Non-inter-level travel time spent in this place.
 C = Inter-level travel time spent in this place.
 D = Time resting spent in this place.
 E = Time spent auto-exploring this place.
 F = Levels seen in this place.
 G = Mean time per level.
                   A        B        C        D        E       F      G
               +--------+--------+--------+--------+--------+-----+--------+
         Total |   5014 |   4817 |    197 |    314 |   3410 |   9 |  557.1 |
       Dungeon |   4393 |   4196 |    197 |    190 |   3212 |   7 |  627.6 |
       Ossuary |    408 |    408 |      0 |     73 |    179 |   1 |  408.0 |
        Bailey |    212 |    212 |      0 |     51 |     19 |   1 |  212.0 |
               +--------+--------+--------+--------+--------+-----+--------+

Top non-repeatable levels by time:
     D:6: 1144 daAuts
     D:2: 758 daAuts
     D:1: 709 daAuts
     D:5: 699 daAuts
     D:4: 608 daAuts
 Ossuary: 408 daAuts
     D:3: 293 daAuts
  Bailey: 212 daAuts
     D:7: 179 daAuts
